 Dungeon Crawl Stone Soup version 0.26-a0-712-ga5a9c9c9d0 (webtiles) character file.

Game seed: 4246645674622264620

470 FrothyCoffee the Changer (level 7, 0/62 HPs)
             Began as a Naga Transmuter on Nov 10, 2020.
             Was a Follower of the Shining One.
             Slain by an iguana (2 damage)
             ... on level 4 of the Dungeon.
             The game lasted 00:13:46 (5107 turns).

FrothyCoffee the Changer (Naga Transmuter)          Turns: 5107, Time: 00:13:47

Health: 0/62       AC:  3    Str: 13    XL:     7   Next: 9%
Magic:  8/10       EV: 10    Int: 15    God:    the Shining One [*.....]
Gold:   220        SH:  0    Dex: 11    Spells: 4/10 levels left

rFire    . . .     SeeInvis +     - Unarmed
rCold    . . .     Faith    +   (no shield)
rNeg     . . .     Spirit   .   a - +0 robe
rPois    +         Reflect  .   (helmet currently unavailable)
rElec    .         Harm     .   (no cloak)
rCorr    .         Rampage  .   (no gloves)
MR       .....                  (no barding)
Stlth    +.........             e - amulet of faith
HPRegen  0.20/turn              (no ring)
MPRegen  0.12/turn              (no ring)

@: appendages, wereblooded, hasted, glowing, quick
A: large, horns 2, see invisible, deformed body, poison resistance, slowness 2,
spit poison 1, AC +2
a: Spit Poison, End Transformation, Renounce Religion


You were on level 4 of the Dungeon.
You worshipped the Shining One.
The Shining One was aware of your devotion.
You had grown temporary horns.
You visited 1 branch of the dungeon, and saw 5 of its levels.

You collected 220 gold pieces.

Inventory:

Missiles
 c - 8 javelins (quivered)
 m - 2 throwing nets
 u - 5 boomerangs
Armour
 a - a +0 robe (worn)
 t - a +1 helmet (melded)
Jewellery
 e - an amulet of faith (around neck)
Scrolls
 d - a scroll of fog {unknown}
 g - 2 scrolls of fear {unknown}
 i - a scroll of remove curse {unknown}
 j - a scroll of magic mapping {unknown}
 k - 2 scrolls of teleportation {unknown}
 l - a scroll of enchant armour {unknown}
 p - a scroll of immolation {unknown}
 r - a scroll of noise {unknown}
 s - a scroll of blinking {unknown}
Potions
 b - 2 potions of mutation
 f - a potion of brilliance
 n - a potion of stabbing
 o - 2 potions of might {unknown}
 q - a potion of haste


   Skills:
 + Level 3.5 Fighting
 - Level 1.5 Dodging
 + Level 4.6 Unarmed Combat
 - Level 2.0 Spellcasting
 * Level 5.4 Transmutations


You had 4 spell levels left.
You knew the following spells:

 Your Spells              Type           Power        Failure   Level
a - Beastly Appendage     Tmut           ###...       2%          1
b - Wereblood             Tmut           ###.....     3%          2
c - Spider Form           Tmut/Pois      #.........   22%         3

Your spell library contained the following spells:

 Spells                   Type           Power        Failure   Level
 Ice Form                 Ice/Tmut       #.......     58%         4
 Blade Hands              Tmut           ###.......   54%         5


Dungeon Overview and Level Annotations

Branches:
Dungeon (5/15)
 Temple: D:4-7

Altars:
Dithmenos
Hepliaklqana
Okawaru
Sif Muna
Zin
The Shining One


Innate Abilities, Weirdness & Mutations

You cannot wear boots.
Your serpentine skin is tough. (AC +2)
You have supernaturally acute eyesight. (SInv)
Armour fits poorly on your strangely shaped body.
Your system is resistant to poisons. (rPois)
You cover ground very slowly.
You can spit poison.
You have a pair of horns on your head.


Message History

The iguana bites you!
You hit the iguana.
The iguana is severely wounded.
The iguana bites you!
* * * LOW HITPOINT WARNING * * *
You can't do that yet.
You hit the iguana.
The iguana is almost dead.
The iguana bites you!
* * * LOW HITPOINT WARNING * * *
You can't do that yet.
You feel better.
You have got your breath back.
The iguana bites you!
* * * LOW HITPOINT WARNING * * *
Okay, then.
Quiver which item? (- for none, * to show all) (? for menu, Esc to quit)
Okay, then.
It was a potion of haste.
You feel yourself speed up. The iguana bites you.
You die...

####..# #.##†############.##
..##..# #.##.#..........#.#
..##..# #.##.#.########.#.#
..##..# #.#...........^.#.#
..##..#####.#..#.##########.#
..##...........#.)..........#
................o############
###............#l#
###..####.######@#
#....####.# #.# ###.#...#<#
#.# ###.#...########.#
.................#
.##.############## ......#
......#########
......#.......#


You could see an iguana and an orc wizard.

Vanquished Creatures
  An ogre (D:4)
  A scorpion (D:4)
  A centaur skeleton (D:4)
  A hound (D:4)
  An orc priest (D:4)
  3 orc wizards
  A worker ant (D:4)
  A worker ant zombie (D:3)
  3 adders
  A shadow imp (D:4)
  3 worms
  2 dart slugs
  7 leopard geckos
  6 orcs (D:4)
  2 ball pythons
  3 giant cockroaches
  10 goblins
  5 hobgoblins (D:1)
  2 jackals (D:1)
  2 quokkas (D:3)
  4 bats (D:1)
  2 frilled lizards
  9 kobolds
  A quokka skeleton (D:4)
  5 rats
77 creatures vanquished.

Notes
Turn   | Place    | Note
-------+----------+-------------------------------------------
     0 | D:1      | FrothyCoffee the Naga Transmuter began the quest for the
                  | Orb.
     0 | D:1      | Reached XP level 1. HP: 18/18 MP: 3/3
   355 | D:1      | Reached XP level 2. HP: 23/25 MP: 3/5
   452 | D:1      | Learned a level 2 spell: Wereblood
   647 | D:1      | Reached XP level 3. HP: 30/31 MP: 2/6
   974 | D:1      | Reached skill level 3 in Transmutations
  2015 | D:2      | Reached XP level 4. HP: 39/39 MP: 5/7
  2039 | D:2      | Found a shadowy altar of Dithmenos.
  2080 | D:2      | Found an iron altar of Okawaru.
  2084 | D:2      | Found a glowing golden altar of the Shining One.
  2092 | D:2      | Became a worshipper of the Shining One
  3451 | D:3      | Found a shimmering blue altar of Sif Muna.
  3460 | D:3      | Reached XP level 5. HP: 46/46 MP: 4/8
  3475 | D:3      | Reached skill level 4 in Transmutations
  3799 | D:4      | Learned a level 3 spell: Spider Form
  3808 | D:4      | Found a glowing silver altar of Zin.
  3854 | D:4      | Reached XP level 6. HP: 20/55 MP: 6/9
  4220 | D:4      | Found a hazy altar of Hepliaklqana.
  4451 | D:4      | Reached skill level 5 in Transmutations
  4794 | D:4      | Reached XP level 7. HP: 50/62 MP: 10/10
  4911 | D:5      | Entered Level 5 of the Dungeon
  4917 | D:4      | Reached * piety under the Shining One
  5106 | D:4      | HP: 2/62 [iguana (12)]
  5107 | D:4      | Slain by an iguana

Illustrated notes

Levels and vault maps discovered:
D:1:      dpeg_arrival_stone_temple_mockup, layout_basic
D:2:      layout_basic, grunt_temple_overflow_open
D:3:      layout_basic, led_sif_book
D:4:      layout_basic, zin_academy, lemuel_crystal_altar
D:5:      layout_rooms, gammafunk_ghost_hive

Skill      XL: |  1  2  3  4  5  6 |
---------------+-------------------+-----
Transmutations | 3 4 5 |  5.4
Fighting       | 2 3 |  3.5
Unarmed Combat | 4 |  4.6
Dodging        | |  1.5
Spellcasting   | |  2.0

Action                   |  1- 3 |  4- 6 |  7- 9 || total
-------------------------+-------+-------+-------++-------
Melee: Unarmed           |    81 |   124 |    14 ||   219
       Headbutt          |     6 |    15 |     1 ||    22
       Punch             |       |     2 |       ||     2
Throw: Javelin           |     2 |       |       ||     2
 Cast: Beastly Appendage |    19 |    18 |     3 ||    40
       Wereblood         |     7 |     3 |     1 ||    11
 Abil: Spit Poison       |    29 |    30 |     3 ||    62
  Use: Scroll            |     1 |     4 |       ||     5
       Potion            |       |       |     2 ||     2
 Stab: Sleeping          |     1 |       |       ||     1
Armor: Robe              |     9 |    23 |     5 ||    37
Dodge: Dodged            |    48 |    45 |    13 ||   106

Table legend: (Time is in decaauts)
 A = Elapsed time spent in this place.
 B = Non-inter-level travel time spent in this place.
 C = Inter-level travel time spent in this place.
 D = Time resting spent in this place.
 E = Time spent auto-exploring this place.
 F = Levels seen in this place.
 G = Mean time per level.
                   A        B        C        D        E       F      G
               +--------+--------+--------+--------+--------+-----+--------+
         Total |   5943 |   5848 |     95 |   2008 |   2873 |   5 | 1188.6 |
       Dungeon |   5943 |   5848 |     95 |   2008 |   2873 |   5 | 1188.6 |
               +--------+--------+--------+--------+--------+-----+--------+

Top non-repeatable levels by time:
     D:1: 1732 daAuts
     D:4: 1625 daAuts
     D:3: 1418 daAuts
     D:2: 1160 daAuts
     D:5: 6 daAuts
